 Dungeon Crawl Stone Soup version 0.30.0-29-ga12c61a403 (webtiles) character file.

Game seed: 15783800428403724866

65 Josd the Covert (level 4, -6/41 HPs)
             Began as a Gnoll Delver on June 5, 2023.
             Mangled by a boulder beetle (47 damage)
             ... on level 7 of the Dungeon.
             The game lasted 00:01:35 (199 turns).

Josd the Covert (Gnoll Delver)                       Turns: 199, Time: 00:01:35

Health: -6/41      AC:  3    Str: 13    XL:     4   Next: 13%
Magic:  5/5        EV: 13    Int:  9    God:
Gold:   49         SH:  0    Dex: 14    Spells: 5/5 levels left

rFire   . . .        a - +0 spear
rCold   . . .        (no shield)
rNeg    . . .        b - +0 leather armour
rPois   .            (no helmet)
rElec   .            (no cloak)
rCorr   .            (no gloves)
SInv    .            (no boots)
Will    .....        (no amulet)
Stlth   ++++         (no ring)
HPRegen 0.26/turn    (no ring)
MPRegen 0.09/turn

%: no passive effects
@: no status effects
A: fangs 1, strong nose, distributed training
a: no special abilities


You were on level 7 of the Dungeon.
You visited 1 branch of the dungeon, and saw 3 of its levels.

You collected 49 gold pieces.

Inventory:

Hand Weapons
 a - a +0 spear (weapon)
Armour
 b - a +0 leather armour (worn)
Wands
 g - a wand of digging (3)
Scrolls
 c - a scroll of fog
 d - a scroll of magic mapping
 e - a scroll of fear
Potions
 f - a potion of haste


   Skills:
 + Level 6.6 Fighting
 + Level 1.1 Short Blades
 + Level 1.1 Long Blades
 + Level 1.1 Axes
 + Level 1.1 Maces & Flails
 + Level 4.6 Polearms
 + Level 1.1 Staves
 + Level 1.1 Ranged Weapons
 + Level 1.1 Throwing
 + Level 1.1 Armour
 + Level 4.6 Dodging
 + Level 9.6 Stealth
 + Level 1.1 Shields
 + Level 1.1 Unarmed Combat
 + Level 1.1 Spellcasting
 + Level 0.8 Conjurations
 + Level 0.8 Hexes
 + Level 0.8 Summonings
 + Level 0.8 Necromancy
 + Level 0.8 Translocations
 + Level 0.8 Transmutations
 + Level 0.8 Fire Magic
 + Level 0.8 Ice Magic
 + Level 0.8 Air Magic
 + Level 0.8 Earth Magic
 + Level 0.8 Poison Magic
 + Level 1.2 Invocations
 + Level 1.1 Evocations


You had 5 spell levels left.
You didn't know any spells.
Your spell library was empty.

Dungeon Overview and Level Annotations

Branches:
Dungeon (7/15)
 Temple: D:4-7

Altars:

Annotations:
D:7 Pikel


Innate Abilities, Weirdness & Mutations

You have very sharp teeth.
Your uncanny sense of smell can sniff out nearby items.
Your experience applies equally to all skills.


Message History

You open the door.
Found a stone staircase leading down.
There is an open door here.
There is a stone staircase leading down here.
You climb downwards.
Found a chain mail.
Found a stone staircase leading up.
There is a stone staircase leading up here.
Pikel shouts!
You hear a shout!
The lemure shouts!
The wyvern hisses angrily.
You climb upwards.
You hear the sound of rushing water.
There is an entrance to a sewer on this level.
Hurry and find it before the portal rusts away!
There is a stone staircase leading down here.
There is a stone staircase leading down here.
You climb downwards.
Level annotation: Pikel
Found three items.
Found two stone staircases leading down.
There is a stone staircase leading up here.
There is a stone staircase leading up here.
An orc priest comes into view. It is wielding a +0 club.
There is a stone staircase leading up here.
You hit the orc. Your punch misses the orc.
The orc is heavily wounded.
The orc barely misses you.
You hit the orc.
You kill the orc!
You now have 49 gold pieces (gained 11).
There is a stone staircase leading down here.
You open the door.
A hound and an orc wizard come into view.
The orc wizard is wielding a +0 dagger of venom.
Found a scale mail.
You open the door.
An orc warrior, a boulder beetle and a bullfrog come into view.
The orc warrior is wielding a +0 flail of holy wrath.
Found a hand axe.
The boulder beetle curls into a ball and begins rolling!
The boulder beetle hits you!!!
Ouch! That really hurt!
You die...

#........8........
##...###...###..
#..##.'#.#'o#
#.##h..#.#.B.#
#.#o..##°##..F# #
#[.##..°##.)#...
#.####...○.####...
#.........B......#
###.....#@......###
##...##......... ##.
#....#.>......# .....
#.....>.......##.....
#.............#...?..
####.................
##............#...
#................
###.....<).......


You could see a boulder beetle (rolling).

Vanquished Creatures
  A bullfrog (D:6)
  An orc (D:7)
2 creatures vanquished.

Notes
Turn   | Place    | Note
-------+----------+-------------------------------------------
     0 | D:5      | Reached skill level 9 in Stealth
     0 | D:5      | Josd the Gnoll Delver began the quest for the Orb.
     0 | D:5      | Reached XP level 1. HP: 23/23 MP: 1/1
    22 | D:6      | Noticed a bullfrog
    36 | D:6      | Killed a bullfrog
    37 | D:6      | Reached skill level 1 in Short Blades
    37 | D:6      | Reached skill level 1 in Long Blades
    37 | D:6      | Reached skill level 1 in Axes
    37 | D:6      | Reached skill level 1 in Maces & Flails
    37 | D:6      | Reached skill level 1 in Staves
    37 | D:6      | Reached skill level 1 in Ranged Weapons
    37 | D:6      | Reached skill level 1 in Throwing
    37 | D:6      | Reached skill level 1 in Armour
    37 | D:6      | Reached skill level 1 in Shields
    37 | D:6      | Reached skill level 1 in Unarmed Combat
    37 | D:6      | Reached skill level 1 in Spellcasting
    37 | D:6      | Reached skill level 1 in Invocations
    37 | D:6      | Reached skill level 1 in Evocations
    37 | D:6      | Reached XP level 2. HP: 14/29 MP: 1/3
    37 | D:6      | Reached XP level 3. HP: 16/35 MP: 1/4
    37 | D:6      | Reached XP level 4. HP: 19/41 MP: 1/5
   140 | D:7      | Noticed Pikel
   140 | D:7      | Noticed a water moccasin
   140 | D:7      | Noticed a sky beast
   140 | D:7      | Noticed a wyvern
   141 | D:7      | Noticed a lemure
   192 | D:7      | Noticed an orc warrior
   192 | D:7      | Noticed a boulder beetle
   192 | D:7      | Noticed a bullfrog
   199 | D:7      | Mangled by a boulder beetle

Illustrated notes

Levels and vault maps discovered:
D:5:      layout_basic
D:6:      layout_basic, lemuel_crystal_altar, cheibrodos_sewer_entry_bend
D:7:      cheibrodos_barr_body, layout_cave_pools, minmay_temple_entry_mist,
          serial_shops, nicolae_shop_gaudy_bauble, hex_tiny,
          hangedman_misty_isle, uniq_pikel

Skill      XL: |  1 |
---------------+----+-----
Stealth        | |  9.6
Short Blades   | 1 |  1.1
Long Blades    | 1 |  1.1
Axes           | 1 |  1.1
Maces & Flails | 1 |  1.1
Staves         | 1 |  1.1
Ranged Weapons | 1 |  1.1
Throwing       | 1 |  1.1
Armour         | 1 |  1.1
Shields        | 1 |  1.1
Unarmed Combat | 1 |  1.1
Spellcasting   | 1 |  1.1
Invocations    | 1 |  1.2
Evocations     | 1 |  1.1
Fighting       | |  6.6
Polearms       | |  4.6
Dodging        | |  4.6
Conjurations   | |  0.8
Hexes          | |  0.8
Summonings     | |  0.8
Necromancy     | |  0.8
Translocations | |  0.8
Transmutations | |  0.8
Fire Magic     | |  0.8
Ice Magic      | |  0.8
Air Magic      | |  0.8
Earth Magic    | |  0.8
Poison Magic   | |  0.8

Action                     |  1- 3 |  4- 6 || total
---------------------------+-------+-------++-------
  Melee: Spear             |    10 |     2 ||    12
 Armour: Leather armour    |     1 |       ||     1
  Dodge: Dodged            |     9 |     1 ||    10
